 Dungeon Crawl Stone Soup version 0.29-a0-219-g0a02b1cf4f (webtiles) character file.

Game seed: 14396052024147758469

32408 shoop the Markself (level 13, -5/72 HPs)
             Began as a Deep Elf Arcane Marksman on Feb 25, 2022.
             Was the Champion of Fedhas.
             Killed by divine providence
             ... invoked by a meliai
              (15 damage)
             ... on level 13 of the Dungeon.
             The game lasted 01:09:33 (22307 turns).

shoop the Markself (Deep Elf Arcane Marksman)      Turns: 22307, Time: 01:09:33

Health: -5/72      AC: 14    Str:  9    XL:     13   Next: 31%
Magic:  0/28       EV: 17    Int: 27    God:    Fedhas [******]
Gold:   890        SH:  8    Dex: 15    Spells: 9/30 levels left

rFire   . . .      SeeInvis .   P - +0 shortbow (vorpal)
rCold   . . .      Faith    .   (shield currently unavailable)
rNeg    . . .      Spirit   +   D - +2 robe "Forget-Me-Not" {rPois Int+5}
rPois   +          Reflect  .   i - +0 helmet
rElec   .          Harm     .   h - +2 cloak
rCorr   .          Rampage  .   n - +0 pair of gloves
Will    ++...                   C - +0 pair of boots
Stlth   +++.......              I - brooch of Shielding {Spirit SH+8}
HPRegen 0.22/turn               m - ring of willpower
MPRegen 0.21/turn               j - +4 ring of protection

@: marked, portalling projectiles
A: no striking features
a: Renounce Religion, Wall of Briars, Grow Ballistomycete, Overgrow, Grow Oklob


You were on level 13 of the Dungeon.
You worshipped Fedhas.
Fedhas was exalted by your worship.
You visited 3 branches of the dungeon, and saw 16 of its levels.
You also visited: Bailey.

You collected 1656 gold pieces.
You spent 766 gold pieces at shops.

Inventory:

Hand Weapons
 P - a +0 vorpal shortbow (weapon)
Armour
 h - a +2 cloak (worn)
 i - a +0 helmet (worn)
 n - a +0 pair of gloves (worn)
 x - a +2 robe of positive energy
 C - a +0 pair of boots (worn)
 D - the +2 robe "Forget-Me-Not" (worn) {rPois Int+5}
   (You bought it in a shop on level 5 of the Dungeon)

   Int:       It affects your intelligence (+5).
   rPois:     It protects you from poison.
Jewellery
 c - a ring of positive energy
 d - a +6 ring of dexterity
 j - a +4 ring of protection (right hand)
 m - a ring of willpower (left hand)
 p - an amulet of guardian spirit
 A - a ring of protection from fire
 G - an amulet of faith
 I - the brooch of Shielding (around neck) {Spirit SH+8}
   (You took it off an orc priest on level 7 of the Dungeon)

   [amulet of guardian spirit]

   It causes incoming damage to be divided between your reserves of health and
   magic.
   SH:        It affects your SH (+8).
 M - a ring of fire
 Q - a +4 ring of protection
Wands
 a - a wand of paralysis (9)
 y - a wand of flame (19)
 z - a wand of iceblast (18)
 O - a wand of charming (8)
 S - a wand of digging (3)
 W - a wand of mindburst (6)
 Z - a wand of acid (3)
Scrolls
 f - 2 scrolls of fog
 g - 3 scrolls of immolation
 k - 3 scrolls of fear {unknown}
 r - 2 scrolls of amnesia
 u - 3 scrolls of magic mapping {unknown}
 w - 3 scrolls of teleportation
 B - 2 scrolls of enchant armour
 E - a scroll of torment
 J - 3 scrolls of blinking {unknown}
 K - 3 scrolls of holy word {unknown}
 L - a scroll of vulnerability
 N - a scroll of enchant weapon
 R - 2 scrolls of acquirement
Potions
 b - a potion of mutation
 e - 3 potions of resistance
 l - 3 potions of curing
 o - a potion of attraction {unknown}
 q - a potion of invisibility
 s - 2 potions of haste
 t - a potion of might
 v - 4 potions of heal wounds
 H - 2 potions of flight
 U - a potion of magic
 V - 13 potions of ambrosia
 X - a potion of brilliance
 Y - a potion of lignification


   Skills:
 - Level 5.0 Fighting
 + Level 17.6 Bows
 - Level 10.0 Dodging
 - Level 5.0 Stealth
 - Level 9.0 Spellcasting
 - Level 9.0 Hexes
 - Level 6.0 Translocations
 - Level 3.6 Fire Magic
 - Level 4.0 Earth Magic
 - Level 10.0 Invocations
 - Level 3.0 Evocations


You had 9 spell levels left.
You knew the following spells:

 Your Spells              Type           Power      Damage    Failure   Level
a - Slow                  Hex            100%       N/A       1%          1
b - Blink                 Tloc           88%        N/A       1%          2
c - Inner Flame           Hex/Fire       46%        N/A       1%          3
f - Cause Fear            Hex            28%        N/A       1%          4
g - Passage of Golubria   Tloc           44%        N/A       4%          4
l - Leda's Liquefaction   Hex/Erth       23%        N/A       3%          4
r - Portal Projectile     Hex/Tloc       100%       N/A       1%          3

Your spell library contained the following spells:

 Spells                   Type           Power      Damage    Failure   Level
 Apportation              Tloc           88%        N/A       1%          1
 Sandblast                Erth           66%        2d15      1%          1
 Ensorcelled Hibernation  Hex/Ice        72%        N/A       1%          2
 Tukima's Dance           Hex            57%        N/A       1%          3
 Summon Guardian Golem    Hex/Summ       36%        N/A       2%          3
 Passwall                 Tmut/Erth      18%        N/A       3%          2
 Animate Skeleton         Necr           24%        N/A       4%          1
 Summon Small Mammal      Summ           48%        N/A       4%          1
 Stone Arrow              Conj/Erth      44%        3d9       6%          3
 Static Discharge         Conj/Air       12%        N/A       7%          2
 Sublimation of Blood     Necr           12%        N/A       7%          2
 Conjure Flame            Conj/Fire      22%        6-21      7%          3
 Anguish                  Hex/Necr       18%        N/A       8%          4
 Ignite Poison            Fire/Tmut/Pois 18%        N/A       9%          3
 Call Canine Familiar     Summ           12%        N/A       14%         3
 Spider Form              Tmut/Pois      12%        N/A       14%         3
 Petrify                  Tmut/Erth      22%        N/A       21%         4
 Yara's Violent Unravell  Hex/Tmut       18%        3d9       21%         5
 Sticky Flame             Conj/Fire      22%        2d4       22%         4
 Lee's Rapid Deconstruct  Erth           16%        3d11*     26%         5
 Dispel Undead            Necr           12%        3d9       43%         4
 Irradiate                Conj/Tmut      6%         3d15      78%         5
 Lightning Bolt           Conj/Air       6%         1d18      78%         5
 Statue Form              Tmut/Erth      14%        N/A       97%         6
 Maxwell's Capacitive Co  Air            6%         ∞         100%        8
 Shatter                  Erth           16%        3d16*     100%        9


Dungeon Overview and Level Annotations

Branches:
Dungeon (13/15)            Temple (1/1) D:4            Lair (0/6) D:8
    Orc (2/2) D:10            Elf (0/3) Orc:2        Bailey (visited)
 Vaults: D:13-14

Altars:
Ashenzari
Dithmenos
Elyvilon
Fedhas
Gozag
Hepliaklqana
Makhleb
Ru
Sif Muna
Uskayaw
Wu Jian
Yredelemnul
The Shining One
Beogh

Shops:
D:1 [   D:5 :*[*   D:10 :   Orc:1 =   Orc:2 (*[:

Annotations:
D:3 exclusion: adder, Sigmund
D:6 3 runed translucent doors, SirDiesAlot's ghost, novice DEEE
D:13 exclusions: boulder beetle, meliai, slime creature and 2 ugly things


Message History

Casting: Portal Projectile (safe; 1% risk of failure)
Confirm with . or Enter, or press ? or * to list all spells.
Aiming: Inner Flame (safe; 1% risk of failure)
Press: ? - help, Dir - move target, f - meliai
Aim: a meliai, wielding a +0 war axe and wearing a +0 robe (chance to affect: 92%)
The meliai is filled with an inner flame.
The meliai mumbles some strange prayers to its god against you.
Something smites you!
The meliai invokes the aid of its god against you.
Something smites you! The vault guard misses you.
The vault guard hits your oklob plant with a +0 broad axe.
Your oklob plant spits acid at the vault guard.
The splash of acid hits the vault guard!!
The acid corrodes the vault guard!
The boulder beetle bites you but does no damage.
Shoot: P) +0 shortbow (vorpal)
Press: ? - help, Shift-Dir - straight line, f/p - meliai
Aim: a meliai, wielding a +0 war axe and wearing a +0 robe (inner flame, 66% to hit)
You magically shoot an arrow.
The arrow hits the meliai but does no damage.
The vault guard hits your oklob plant with a +0 broad axe!
The vault guard barely misses you.
Your oklob plant spits acid at the vault guard.
The splash of acid hits the vault guard!!
Unknown command.
Unknown command.
Shoot: P) +0 shortbow (vorpal)
Press: ? - help, Shift-Dir - straight line, f/p - meliai
Aim: a meliai, wielding a +0 war axe and wearing a +0 robe (inner flame, 66% to hit)
You magically shoot an arrow.
The arrow barely misses the meliai.
The centaur warrior seems to regain its courage.
The boulder beetle bites you!
* * * LOW HITPOINT WARNING * * *
The vault guard hits your oklob plant with a +0 broad axe!!
The vault guard completely misses you.
Unknown command.
The meliai invokes the aid of its god against you.
Something smites you!
You die...
Fedhas appreciates your contribution to the ecosystem.

#. ##.#.# #p# #####..
#.##..##.#.# #......
#.B...#.#.# #.###.#
####.○##g#.# #.# #.#
##.#.#.#u# ##.###.#
#####))#############......#
.......#l#####.#[...........
#####.#.yp..†)....####.#####
#.###yBP@...#.## #.# #(#
##.######.#####.# ..#
##..........##.### +#####
##.######.##.##...# #.###.##
#.##.####.# ##.#.## #.##.#
#.# ##.#########.##.# #.#
####...........# #.#
.#####..#### #.#


You could see a boulder beetle, a vault guard (corroded, ally target), a komodo
dragon, 2 meliai and a friendly oklob plant (summoned).

Vanquished Creatures
  An orc warlord (Orc:2)
  A boulder beetle (D:11)
  A hydra (D:11)
  7 two-headed ogres
  A centaur warrior (D:13)
  An orc high priest (Orc:2)
  6 orc knights
  An ugly thing (D:13)
  A deep elf pyromancer (D:12)
  5 orc sorcerers
  A cyclops (D:12)
  A molten gargoyle (D:13)
  2 gargoyles (D:12)
  2 kobold demonologists (Bailey)
  An unseen horror (D:12)
  3 komodo dragons
  A tengu conjurer (D:13)
  A queen bee (D:11)
  5 trolls
  A hornet (D:7)
  Prince Ribbit (D:8)
  Grinder (D:4)
  6 slime creatures
  2 wyverns
  2 wraiths
  10 yaks (D:9)
  A vampire (D:13)
  Grum (D:10)
  A steam dragon (D:10)
  3 vampire mosquitoes
  3 wargs
  3 water moccasins
  A swamp drake (D:10)
  A sky beast (D:7)
  A necrophage (D:7)
  An ice beast (D:8)
  33 orc warriors
  6 ogres
  A boggart (D:13)
  4 wolves (D:10)
  6 centaurs
  A phantom (D:6)
  4 kobold brigands
  6 bullfrogs
  A gnoll sergeant (D:4)
  4 scorpions
  34 killer bees
  5 wights
  3 howler monkeys
  5 electric eels (Bailey)
  13 orc priests
  3 gnoll shamans
  2 hounds (D:5)
  5 jellies
  An iron imp (D:6)
  Terence (D:3)
  2 iguanas
  33 orc wizards
  Robin (D:2)
  23 gnolls
  5 adders
  2 shadow imps
  A white imp (D:7)
  An ufetubus (D:7)
  3 worms
  A dart slug (D:1)
  90 orcs
  10 ball pythons
  5 endoplasms
  4 giant cockroaches
  14 hobgoblins
  7 jackals
  3 quokkas
  3 bats
  2 frilled lizards (D:2)
  21 goblins
  18 kobolds
  4 rats
  A ballistomycete spore (Orc:2)
473 creatures vanquished.

Vanquished Creatures (collateral kills)
  An acid dragon (D:6)
  22 ballistomycete spores (Orc:2)
23 creatures vanquished.

Vanquished Creatures (others)
  2 orc wizards
  2 ballistomycete spores (Orc:2)
4 creatures vanquished.

Grand Total: 500 creatures vanquished

Notes
Turn   | Place    | Note
-------+----------+-------------------------------------------
     0 | D:1      | shoop the Deep Elf Arcane Marksman began the quest for the
                  | Orb.
     0 | D:1      | Reached XP level 1. HP: 11/11 MP: 5/5
   256 | D:1      | Reached skill level 3 in Bows
   257 | D:1      | Reached skill level 1 in Fighting
   279 | D:1      | Found a faded altar of an unknown god.
   302 | D:1      | Found Hejes's Antique Armour Boutique.
   316 | D:1      | Reached skill level 1 in Stealth
   316 | D:1      | Reached XP level 2. HP: 16/16 MP: 4/6
   806 | D:2      | Reached XP level 3. HP: 20/20 MP: 7/7
   918 | D:2      | Learned a level 3 spell: Inner Flame
   994 | D:2      | Reached skill level 4 in Bows
  1085 | D:2      | Found a sacrificial altar of Ru.
  1558 | D:2      | Noticed Robin
  1563 | D:2      | Killed Robin
  1564 | D:2      | Reached XP level 4. HP: 25/25 MP: 7/9
  1938 | D:2      | Reached skill level 1 in Fire Magic
  2107 | D:3      | Reached skill level 5 in Bows
  2193 | D:3      | Reached XP level 5. HP: 7/29 MP: 6/11
  2473 | D:3      | Found an opulent altar of Gozag.
  2622 | D:3      | Reached skill level 6 in Bows
  2955 | D:3      | Reached XP level 6. HP: 34/34 MP: 12/12
  3080 | D:3      | Noticed Terence
  3120 | D:3      | Killed Terence
  3255 | D:3      | Noticed Sigmund
  3280 | D:3      | Found a faded altar of an unknown god.
  3283 | D:3      | Found a faded altar of an unknown god.
  3283 | D:3      | Found a hazy altar of Hepliaklqana.
  3551 | D:4      | Noticed Grinder
  3642 | D:4      | Found a staircase to the Ecumenical Temple.
  3649 | Temple   | Entered the Ecumenical Temple
  3713 | Temple   | Became a worshipper of Fedhas Madash
  4036 | D:4      | Reached skill level 7 in Bows
  4055 | D:4      | Reached XP level 7. HP: 28/38 MP: 5/14
  4350 | D:4      | Found a white marble altar of Elyvilon.
  4359 | D:4      | Found a basalt altar of Yredelemnul.
  4359 | D:4      | Found an ornate altar of the Wu Jian Council.
  4626 | D:4      | Reached * piety under Fedhas
  4627 | D:4      | Reached skill level 5 in Hexes
  4870 | D:4      | Paralysed by Grinder for 6 turns
  4877 | D:4      | Killed Grinder
  4878 | D:4      | Reached skill level 8 in Bows
  5171 | D:5      | Entered Level 5 of the Dungeon
  5210 | D:5      | Learned a level 3 spell: Portal Projectile
  5215 | D:5      | Learned a level 4 spell: Cause Fear
  5346 | D:5      | Reached XP level 8. HP: 24/43 MP: 11/17
  5585 | D:5      | Reached skill level 5 in Spellcasting
  5585 | D:5      | Reached skill level 1 in Evocations
  5588 | D:5      | Reached skill level 1 in Translocations
  5717 | D:5      | Found Lounirre's General Store.
  5730 | D:5      | Reached skill level 9 in Bows
  5795 | D:5      | Found Kiczaj's Book Emporium.
  5817 | D:5      | Found Reath's Antique Armour Shop.
  6133 | D:5      | Found Osilej's General Store.
  6136 | D:5      | Bought a scroll of immolation for 42 gold pieces
  6136 | D:5      | Bought 2 potions of heal wounds for 120 gold pieces
  6136 | D:5      | Bought a scroll of fog for 24 gold pieces
  6483 | D:5      | Bought a fine robe for 108 gold pieces
  6483 | D:5      | Identified the +2 robe "Forget-Me-Not" {rPois Int+5} (You
                  | bought it in a shop on level 5 of the Dungeon)
  6650 | D:6      | Noticed SirDiesAlot's ghost (novice DEEE)
  6741 | D:6      | Found a burning altar of Makhleb.
  6754 | D:6      | Reached ** piety under Fedhas
  6841 | D:6      | Found a runed translucent gate.
  6841 | D:6      | Found a runed translucent gate.
  6841 | D:6      | Found a runed translucent gate.
  7660 | D:7      | Noticed a hornet
  7933 | D:7      | Reached skill level 10 in Bows
  8247 | D:7      | Reached XP level 9. HP: 47/47 MP: 15/20
  8517 | D:7      | Noticed a two-headed ogre
  8719 | D:7      | Killed a two-headed ogre
  8720 | D:7      | Reached skill level 11 in Bows
  8936 | D:7      | Reached skill level 12 in Bows
  8953 | D:7      | Learned a level 4 spell: Leda's Liquefaction
  9056 | D:7      | Found a broken altar of Ashenzari.
  9795 | D:7      | Reached skill level 1 in Earth Magic
  9817 | D:8      | Reached skill level 13 in Bows
  9839 | D:8      | Reached XP level 10. HP: 45/52 MP: 17/22
  9852 | D:7      | Reached *** piety under Fedhas
 10303 | D:8      | Noticed Prince Ribbit
 10325 | D:8      | Killed Prince Ribbit
 10481 | D:8      | Found a staircase to the Lair.
 11497 | D:9      | Noticed a two-headed ogre
 11511 | D:9      | Killed a two-headed ogre
 11512 | D:9      | Reached skill level 14 in Bows
 12142 | D:9      | Reached skill level 15 in Bows
 12405 | D:9      | Reached skill level 16 in Bows
 12743 | D:10     | Entered Level 10 of the Dungeon
 12825 | D:10     | Reached **** piety under Fedhas
 12838 | D:10     | Found Ibyabb's Book Shoppe.
 12876 | D:10     | Found a hide-covered altar of Uskayaw.
 13048 | D:10     | Reached XP level 11. HP: 57/57 MP: 15/23
 13049 | D:10     | Noticed Grum
 13061 | D:10     | Killed Grum
 13119 | D:10     | Found a flagged portal.
 13228 | D:10     | Reached skill level 5 in Stealth
 13297 | D:10     | Reached skill level 5 in Dodging
 13301 | D:10     | Found a staircase to the Orcish Mines.
 13322 | D:10     | Reached ***** piety under Fedhas
 13368 | D:10     | Identified a scroll of acquirement
 13450 | Bailey   | Entered a bailey
 13539 | Bailey   | Noticed an orc knight
 13584 | Bailey   | Killed an orc knight
 13994 | Bailey   | Noticed an orc knight
 14020 | Bailey   | Killed an orc knight
 14150 | Bailey   | Found an iron altar of Okawaru.
 14175 | Bailey   | Got the Handbook of Orientation and Earth
 14179 | Bailey   | Learned a level 2 spell: Blink
 14852 | D:10     | Found a shimmering blue altar of Sif Muna.
 15070 | Orc:1    | Entered Level 1 of the Orcish Mines
 15182 | Orc:1    | Reached skill level 5 in Fighting
 15182 | Orc:1    | Reached skill level 1 in Invocations
 15228 | Orc:1    | Noticed an orc sorcerer
 15240 | Orc:1    | Killed an orc sorcerer
 15293 | Orc:1    | Found Rujimumuops's Jewellery Shop.
 15416 | Orc:2    | Entered Level 2 of the Orcish Mines
 15431 | Orc:2    | Noticed an orc sorcerer
 15459 | Orc:2    | Found a staircase to the Elven Halls.
 15856 | D:11     | Reached ****** piety under Fedhas
 16136 | D:11     | Noticed a five-headed hydra
 16146 | D:11     | Killed a five-headed hydra
 16510 | D:11     | Noticed a two-headed ogre
 16510 | D:11     | Noticed a boulder beetle
 16646 | D:11     | Reached XP level 12. HP: 55/68 MP: 9/24
 17019 | D:11     | Reached skill level 5 in Invocations
 18077 | Orc:2    | Reached skill level 10 in Dodging
 18588 | Orc:2    | Paralysed by an orc sorcerer for 2 turns
 18912 | Orc:2    | Noticed an orc high priest
 18926 | Orc:2    | Killed an orc high priest
 19011 | Orc:2    | Noticed an orc warlord
 19050 | Orc:2    | Killed an orc warlord
 19051 | Orc:2    | Reached skill level 10 in Invocations
 19118 | Orc:2    | Found Yroishroi's Book Shop.
 19128 | Orc:2    | Found Haco's General Store.
 19141 | Orc:2    | Found Cets's Antique Armour Shop.
 19146 | Orc:2    | Found Jupt's Antique Weapon Shop.
 19472 | Orc:2    | Bought a potion of brilliance for 52 gold pieces
 19554 | Orc:2    | Bought Great Wizards, Vol. VII for 420 gold pieces
 19559 | Orc:2    | Learned a level 4 spell: Passage of Golubria
 19911 | D:11     | Killed a two-headed ogre
 19987 | D:11     | Killed a boulder beetle
 19988 | D:11     | Reached skill level 5 in Translocations
 20375 | D:12     | Reached XP level 13. HP: 63/72 MP: 15/27
 21607 | D:13     | Reached skill level 17 in Bows
 22307 | D:13     | Killed from afar by a meliai

Illustrated notes

Levels and vault maps discovered:
D:1:      zelgadis_glass_arrival_large, layout_loops_ring,
          chequers_ecumenical_altar_simple_redux, serial_shops, shop_statue,
          minmay_pentomino_x4
D:2:      layout_basic, basic_altar, uniq_robin
D:3:      layout_loops_corners, nicolae_gozag_cash_rules_everything_around_me,
          nicolae_hepliaklqana_ecumenical_no_more, uniq_sigmund, uniq_terence
D:4:      nicolae_BIG_FREAKIN_CUBE, layout_basic,
          chequers_temple_overflow_statue_of_worship, temple_doors_ab,
          uniq_grinder
D:5:      layout_loops_ring, serial_shops, shop, kennysheep_mini_moat,
          shop_statue, nicolae_inconvenience_store
D:6:      layout_loops_ring, makhleb_grotto_becter, gammafunk_ghost_split,
          minmay_misc_feat_pillars
D:7:      nicolae_cairo_tiling, layout_basic, lemuel_crystal_altar,
          minmay_joined_circles
D:8:      layout_layer_cave, lair_entry_dummy, chequers_decorated_corner,
          uniq_prince_ribbit1
D:9:      layout_basic
D:10:     layout_loops_ring, mainiacjoe_overflow_alcove_1, kennysheep_mini,
          erik_orc_1, enter_bailey_4, serial_shops, nicolae_shop_hallway_plus,
          uniq_grum
D:11:     layout_roguey [special_room_bee]
D:12:     layout_small_grid, kennysheep_generic_room_11
D:13:     layout_loops_ring, david_vaults_5, nrook_pool_corridor,
          kennysheep_island_fort
Temple:   nicolae_temple_figure_eight
Orc:1:    layout_diamond_mine, serial_shops, nicolae_shop_window_shopping
Orc:2:    grunt_orc_cross, layout_caves

Skill      XL: |  1  2  3  4  5  6  7  8  9 10 11 12 13 |
---------------+----------------------------------------+-----
Bows           | 3 4 5 6 7 8 10 13 16 17 | 17.6
Fighting       | 1 2 5 |  5.0
Stealth        | 1 2 3 4 5 |  5.0
Dodging        | 3 4 9 10 | 10.0
Spellcasting   | 2 3 4 6 7 8 9 |  9.0
Fire Magic     | 1 2 3 |  3.6
Hexes          | 5 7 9 |  9.0
Evocations     | 3 |  3.0
Translocations | 3 6 |  6.0
Earth Magic    | 1 4 |  4.0
Invocations    | 4 10 | 10.0

Action                   |  1- 3 |  4- 6 |  7- 9 | 10-12 | 13-15 || total
-------------------------+-------+-------+-------+-------+-------++-------
 Fire: Shortbow          |    92 |   169 |   491 |  1372 |   173 ||  2297
 Cast: Slow              |     5 |    19 |    42 |    69 |    13 ||   148
       Inner Flame       |       |     4 |    16 |    34 |     3 ||    57
       Cause Fear        |       |       |     9 |     9 |     4 ||    22
       Portal Projectile |       |       |     1 |     5 |     1 ||     7
       Leda's Liquefacti |       |       |       |     5 |       ||     5
       Blink             |       |       |       |    12 |       ||    12
       Passage of Golubr |       |       |       |       |     1 ||     1
Invok: Wall of Briars    |       |       |     1 |       |       ||     1
       Grow Ballistomyce |       |       |       |     2 |       ||     2
       Grow Oklob        |       |       |       |       |     1 ||     1
  Use: Scroll            |       |       |       |    12 |     3 ||    15
Armor: Robe              |     6 |    24 |    85 |    82 |    20 ||   217
Dodge: Dodged            |    15 |    47 |   127 |   231 |    30 ||   450
Block: Other             |       |       |    53 |   129 |    13 ||   195

Table legend: (Time is in decaauts)
 A = Elapsed time spent in this place.
 B = Non-inter-level travel time spent in this place.
 C = Inter-level travel time spent in this place.
 D = Time resting spent in this place.
 E = Time spent auto-exploring this place.
 F = Levels seen in this place.
 G = Mean time per level.
                   A        B        C        D        E       F      G
               +--------+--------+--------+--------+--------+-----+--------+
         Total |  21995 |  20827 |   1168 |   1850 |  14194 |  17 | 1293.8 |
       Dungeon |  18112 |  17142 |    970 |    993 |  12720 |  13 | 1393.2 |
        Temple |     81 |     64 |     17 |      0 |     54 |   1 |   81.0 |
  Orcish Mines |   2685 |   2505 |    180 |    701 |    977 |   2 | 1342.5 |
        Bailey |   1115 |   1115 |      0 |    155 |    443 |   1 | 1115.0 |
               +--------+--------+--------+--------+--------+-----+--------+

Top non-repeatable levels by time:
   Orc:2: 2009 daAuts
     D:7: 1930 daAuts
    D:11: 1871 daAuts
     D:8: 1678 daAuts
     D:4: 1630 daAuts
     D:3: 1439 daAuts
    D:10: 1375 daAuts
     D:5: 1355 daAuts
    D:12: 1355 daAuts
     D:6: 1332 daAuts
     D:2: 1321 daAuts
     D:9: 1203 daAuts
  Bailey: 1115 daAuts
     D:1: 810 daAuts
    D:13: 807 daAuts
